PAA
LANNISTER UNITED LIONHEARTS @ MINNESOTA LOONS
09/13/2030
 
TOP OF THE 1ST
Lannister United Lionhearts batting - Pitching for Minnesota Loons : RHP Júlio Valenzuela
Pitching: RHP Júlio Valenzuela
Batting: RHB Juan Capmany 0-0: Swinging Strike
0-1: Called Strike
0-2: Ball
1-2: Strikes out swinging
Batting: RHB Cristo Cuervo 0-0: Ball
1-0: Swinging Strike
1-1: Called Strike
1-2: Strikes out swinging
Batting: RHB Rob Ingram 0-0: Called Strike
0-1: Ball
1-1: SINGLE (Line Drive, 78S)
Batting: LHB Jayden Laming 0-0: Ball
1-0: Foul Ball, location: 2F
1-1: Called Strike
1-2: Ball
2-2: SINGLE (Groundball, 6MD)
Rob Ingram to second
Runner from 2nd tries for 3rd, SAFE, no throw
Batting: LHB Santiago Miranda 0-0: Ball
Jayden Laming is caught stealing 2nd base
Top of the 1st over - 0 runs, 2 hits, 0 errors, 1 left on base; Lannister United 0 - Minnesota 0
BOTTOM OF THE 1ST
Minnesota Loons batting - Pitching for Lannister United Lionhearts : LHP Pedro Tavárez
Pitching: LHP Pedro Tavárez
Batting: RHB Jorge Echevarría 0-0: Ball
1-0: Fly out, F8 (Flyball, 8RM)
Batting: RHB Jorge Arreola 0-0: Ball
1-0: Foul Ball, location: 2F
1-1: Ball
2-1: Fly out, F8 (Flyball, 8RD)
Batting: RHB Germán Espantoso 0-0: Foul Ball, location: 2F
0-1: Ball
1-1: Ball
2-1: Ground out 6-3 (Groundball, 6)
Bottom of the 1st over - 0 runs, 0 hits, 0 errors, 0 left on base; Lannister United 0 - Minnesota 0
TOP OF THE 2ND
Lannister United Lionhearts batting - Pitching for Minnesota Loons : RHP Júlio Valenzuela
Batting: LHB Santiago Miranda 0-0: Ball
1-0: DOUBLE (Line Drive, 9LS)
Batting: RHB Tabor de Maria 0-0: Ball
1-0: Ball
2-0: Foul Ball, location: 2F
2-1: Ball
3-1: Foul Ball, location: 2F
3-2: Foul Ball, location: 2F
3-2: Reached via error on a dropped throw, E3
Santiago Miranda to third
Batting: RHB José García 0-0: Called Strike
0-1: Ball
1-1: SINGLE (Groundball, 34D)
Santiago Miranda scores
Tabor de Maria to second
Runner from 2nd tries for 3rd, SAFE, no throw
Batting: RHB Manuel Ramos 0-0: SINGLE (Flyball, 78M)
Tabor de Maria scores
José García to second
Batting: RHB Riley Walker 0-0: Called Strike
0-1: Called Strike
0-2: Grounds into double play, 3-6-3 (Groundball, 34)
José García to third
Batting: RHB Juan Capmany 0-0: Foul Ball, location: 2F
0-1: Ground out 6-3 (Groundball, 6)
Top of the 2nd over - 2 runs, 3 hits, 1 error, 1 left on base; Lannister United 2 - Minnesota 0
BOTTOM OF THE 2ND
Minnesota Loons batting - Pitching for Lannister United Lionhearts : LHP Pedro Tavárez
Batting: LHB Juan Aranda 0-0: Called Strike
0-1: Ground out 1-3 (Groundball, 13)
Batting: RHB Júlio Vargas 0-0: Ball
1-0: Called Strike
1-1: Foul Ball, location: 2F
1-2: Ball
2-2: Ball
3-2: Strikes out swinging
Batting: RHB Luis Delvalle 0-0: Ball
1-0: Foul Ball, location: 2F
1-1: Ball
2-1: Ball
3-1: Swinging Strike
3-2: Foul Ball, location: 2F
3-2: Base on Balls
Batting: RHB Ramón Yniguez 0-0: Ball
1-0: Foul Ball, location: 2F
1-1: Ball
2-1: Ball
3-1: Swinging Strike
3-2: Foul Ball, location: 2F
3-2: Base on Balls
Luis Delvalle to second
Batting: RHB Leonardo Medina 0-0: Ball
1-0: Ground out 4-3 (Groundball, 4)
Bottom of the 2nd over - 0 runs, 0 hits, 0 errors, 2 left on base; Lannister United 2 - Minnesota 0
TOP OF THE 3RD
Lannister United Lionhearts batting - Pitching for Minnesota Loons : RHP Júlio Valenzuela
Batting: RHB Cristo Cuervo 0-0: Ball
1-0: Ground out 5-3 (Groundball, 56)
Batting: RHB Rob Ingram 0-0: Called Strike
0-1: Ball
1-1: Ground out 1-3 (Groundball, P)
Batting: LHB Jayden Laming 0-0: Called Strike
0-1: Foul Ball, location: 2F
0-2: Ground out 1-3 (Groundball, P)
Top of the 3rd over - 0 runs, 0 hits, 0 errors, 0 left on base; Lannister United 2 - Minnesota 0
BOTTOM OF THE 3RD
Minnesota Loons batting - Pitching for Lannister United Lionhearts : LHP Pedro Tavárez
Batting: RHB Cody Jaeckel 0-0: Ball
1-0: Called Strike
1-1: Foul Ball, location: 2F
1-2: Foul Ball, location: 2F
1-2: Foul Ball, location: 2F
1-2: Strikes out swinging
Batting: RHB Jorge Echevarría 0-0: Ball
1-0: Called Strike
1-1: Ground out 1-3 (Groundball, P)
Batting: RHB Jorge Arreola 0-0: Ball
1-0: Foul Ball, location: 2F
1-1: Ball
2-1: Ball
3-1: Foul Ball, location: 2F
3-2: Ground out 6-3 (Groundball, 6)
Bottom of the 3rd over - 0 runs, 0 hits, 0 errors, 0 left on base; Lannister United 2 - Minnesota 0
TOP OF THE 4TH
Lannister United Lionhearts batting - Pitching for Minnesota Loons : RHP Júlio Valenzuela
Batting: LHB Santiago Miranda 0-0: Ball
1-0: Fly out, F4 (Popup, 4MD)
Batting: RHB Tabor de Maria 0-0: Ground out 5-3 (Groundball, 56S)
Batting: RHB José García 0-0: Foul Ball, location: 2F
0-1: Foul Ball, location: 2F
0-2: Ball
1-2: Ball
2-2: Fly out, F4 (Popup, 4)
Top of the 4th over - 0 runs, 0 hits, 0 errors, 0 left on base; Lannister United 2 - Minnesota 0
BOTTOM OF THE 4TH
Minnesota Loons batting - Pitching for Lannister United Lionhearts : LHP Pedro Tavárez
Batting: RHB Germán Espantoso 0-0: Ball
1-0: Called Strike
1-1: Foul Ball, location: 2F
1-2: Foul Ball, location: 2F
1-2: SINGLE (Flyball, 8LM)
Batting: LHB Juan Aranda 0-0: Called Strike
0-1: Foul Ball, location: 2F
0-2: Ball
1-2: Strikes out swinging
Batting: RHB Júlio Vargas 0-0: Fly out, F8 (Flyball, 8LM)
Batting: RHB Luis Delvalle 0-0: Swinging Strike
0-1: Ball
1-1: Fly out, F3 (Popup, 3F)
Bottom of the 4th over - 0 runs, 1 hit, 0 errors, 1 left on base; Lannister United 2 - Minnesota 0
TOP OF THE 5TH
Lannister United Lionhearts batting - Pitching for Minnesota Loons : RHP Júlio Valenzuela
Batting: RHB Manuel Ramos 0-0: Ball
1-0: Fly out, F9 (Flyball, 9)
Batting: RHB Riley Walker 0-0: Ball
1-0: Ball
2-0: Ball
3-0: Called Strike
3-1: Foul Ball, location: 2F
3-2: Foul Ball, location: 2F
3-2: Strikes out swinging
Batting: RHB Juan Capmany 0-0: Called Strike
0-1: Called Strike
0-2: Ball
1-2: Ball
2-2: Ball
3-2: Foul Ball, location: 2F
3-2: Ground out 6-3 (Groundball, 6)
Top of the 5th over - 0 runs, 0 hits, 0 errors, 0 left on base; Lannister United 2 - Minnesota 0
BOTTOM OF THE 5TH
Minnesota Loons batting - Pitching for Lannister United Lionhearts : LHP Pedro Tavárez
Batting: RHB Ramón Yniguez 0-0: Ball
1-0: Called Strike
1-1: Ball
2-1: SINGLE (Line Drive, 78S)
Batting: RHB Leonardo Medina 0-0: Fly out, F9 (Line Drive, 9S)
Batting: RHB Cody Jaeckel 0-0: Foul Ball, location: 2F
0-1: Fielders Choice at 2nd, 5-4 (Groundball, 5)
Batting: RHB Jorge Echevarría 0-0: Called Strike
0-1: Ball
1-1: Ball
2-1: Fielders Choice at 2nd, 6-4 (Groundball, 6)
Bottom of the 5th over - 0 runs, 1 hit, 0 errors, 1 left on base; Lannister United 2 - Minnesota 0
TOP OF THE 6TH
Lannister United Lionhearts batting - Pitching for Minnesota Loons : RHP Júlio Valenzuela
Batting: RHB Cristo Cuervo 0-0: Swinging Strike
0-1: Ball
1-1: Called Strike
1-2: Foul Ball, location: 2F
1-2: Foul Ball, location: 2F
1-2: Foul Ball, location: 2F
1-2: Ball
2-2: SINGLE (Groundball, 6MD)
Batting: RHB Rob Ingram 0-0: Ball
1-0: Grounds into double play, 5-4-3 (Groundball, 56)
Batting: LHB Jayden Laming 0-0: Ball
1-0: Ball
2-0: Ball
3-0: Called Strike
3-1: Fly out, F7 (Flyball, 78M)
Top of the 6th over - 0 runs, 1 hit, 0 errors, 0 left on base; Lannister United 2 - Minnesota 0
BOTTOM OF THE 6TH
Minnesota Loons batting - Pitching for Lannister United Lionhearts : LHP Pedro Tavárez
Batting: RHB Jorge Arreola 0-0: Foul Ball, location: 2F
0-1: Foul Ball, location: 2F
0-2: Ball
1-2: Foul Ball, location: 2F
1-2: Fly out, F8 (Flyball, 78D)
Batting: RHB Germán Espantoso 0-0: Called Strike
0-1: DOUBLE (Flyball, 9LD)
Batting: LHB Juan Aranda 0-0: Ball
1-0: Ball
2-0: Called Strike
2-1: Swinging Strike
2-2: Strikes out swinging
Batting: RHB Júlio Vargas 0-0: Ball
1-0: Ball
2-0: SINGLE (Groundball, 56) (infield hit)
Germán Espantoso to third
Batting: RHB Luis Delvalle 0-0: Called Strike
0-1: SINGLE (Flyball, 8LS)
Germán Espantoso scores
Júlio Vargas to second
Runner from 2nd tries for 3rd, SAFE, no throw
Batting: RHB Ramón Yniguez 0-0: Foul Ball, location: 2F
0-1: Foul Ball, location: 2F
0-2: Ball
1-2: SINGLE (Groundball, 4MD)
Júlio Vargas scores
Luis Delvalle to second
Batting: RHB Leonardo Medina 0-0: Swinging Strike
0-1: Fielders Choice at 2nd, 6-4 (Groundball, 6)
Bottom of the 6th over - 2 runs, 4 hits, 0 errors, 2 left on base; Lannister United 2 - Minnesota 2
TOP OF THE 7TH
Lannister United Lionhearts batting - Pitching for Minnesota Loons : RHP Júlio Valenzuela
Batting: LHB Santiago Miranda 0-0: Foul Ball, location: 2F
0-1: Ball
1-1: Ball
2-1: Ball
3-1: Base on Balls
Batting: RHB Tabor de Maria 0-0: Bunted foul
0-1: Bunted foul
0-2: Ball
1-2: Fly out, F7 (Flyball, 78D)
Pinch Hitting: SHB Barney Heise 0-0: Ball
1-0: Ball
2-0: Swinging Strike
2-1: Foul Ball, location: 2F
2-2: Strikes out looking
Batting: RHB Manuel Ramos 0-0: Ball
1-0: Ball
2-0: Called Strike
2-1: Foul Ball, location: 2F
2-2: Single, Error in OF, E8, batter to second base
Santiago Miranda to third
Pitching: RHP Horatio McAllister
Batting: RHB Riley Walker 0-0: Called Strike
0-1: Called Strike
0-2: Ball
1-2: Ball
2-2: Ball
3-2: Fly out, F9 (Flyball, 9S)
Top of the 7th over - 0 runs, 1 hit, 1 error, 2 left on base; Lannister United 2 - Minnesota 2
BOTTOM OF THE 7TH
Minnesota Loons batting - Pitching for Lannister United Lionhearts : LHP Pedro Tavárez
Now in LF: Joe Karnowski
Batting: RHB Cody Jaeckel 0-0: Ball
1-0: SOLO HOME RUN (Flyball, 7D), Distance : 347 ft
Batting: RHB Jorge Echevarría 0-0: Called Strike
0-1: Foul Ball, location: 2F
0-2: Ball
1-2: Ground out U3 (Groundball, 3L)
Batting: RHB Jorge Arreola 0-0: Ball
1-0: Foul Ball, location: 2F
1-1: Ball
2-1: Foul Ball, location: 2F
2-2: Ball
3-2: Base on Balls
Pitching: LHP Fernando Elías
Batting: RHB Germán Espantoso 0-0: Ball
1-0: Fly out, F8 (Flyball, 8RM)
Batting: LHB Juan Aranda 0-0: Ball
1-0: Ball
2-0: Called Strike
2-1: Ball
3-1: Base on Balls
Jorge Arreola to second
Batting: RHB Júlio Vargas 0-0: Called Strike
0-1: Ball
1-1: Ground out 2-3 (Groundball, 2L)
Bottom of the 7th over - 1 run, 1 hit, 0 errors, 2 left on base; Lannister United 2 - Minnesota 3
TOP OF THE 8TH
Lannister United Lionhearts batting - Pitching for Minnesota Loons : RHP Horatio McAllister
Now at C: Tabor Muzquiz
Batting: RHB Juan Capmany 0-0: Foul Ball, location: 2F
0-1: Foul Ball, location: 2F
0-2: Foul Ball, location: 2F
0-2: Ground out 5-3 (Groundball, 56S)
Batting: RHB Cristo Cuervo 0-0: Called Strike
0-1: Ball
1-1: Foul Ball, location: 2F
1-2: Ball
2-2: Ball
3-2: Foul Ball, location: 2F
3-2: Strikes out swinging
Batting: RHB Rob Ingram 0-0: Hit by Pitch
Batting: LHB Jayden Laming 0-0: Ball
1-0: Foul Ball, location: 2F
1-1: Swinging Strike
1-2: Fly out, F8 (Flyball, 8RXD)
Top of the 8th over - 0 runs, 0 hits, 0 errors, 1 left on base; Lannister United 2 - Minnesota 3
BOTTOM OF THE 8TH
Minnesota Loons batting - Pitching for Lannister United Lionhearts : LHP Fernando Elías
Batting: RHB Luis Delvalle 0-0: Ball
1-0: Swinging Strike
1-1: Called Strike
1-2: Strikes out looking
Batting: RHB Ramón Yniguez 0-0: Ball
1-0: Foul Ball, location: 2F
1-1: Ground out 1-3 (Groundball, P)
Batting: RHB Leonardo Medina 0-0: Swinging Strike
0-1: Swinging Strike
0-2: Ball
1-2: Strikes out looking
Bottom of the 8th over - 0 runs, 0 hits, 0 errors, 0 left on base; Lannister United 2 - Minnesota 3
TOP OF THE 9TH
Lannister United Lionhearts batting - Pitching for Minnesota Loons : RHP Horatio McAllister
Batting: LHB Santiago Miranda 0-0: Swinging Strike
0-1: Foul Ball, location: 2F
0-2: Strikes out swinging
Pinch Hitting: RHB Chong-yee Au-Yong 0-0: Foul Ball, location: 2F
0-1: Ball
1-1: Ball
2-1: Called Strike
2-2: Fly out, F7 (Flyball, 78XD)
Batting: LHB Joe Karnowski 0-0: Called Strike
0-1: Foul Ball, location: 2F
0-2: Ball
1-2: Ground out 4-3 (Groundball, 34)
Top of the 9th over - 0 runs, 0 hits, 0 errors, 0 left on base; Lannister United 2 - Minnesota 3
Sunday, March 18th, 2018 - OOTP Baseball 18.8 Build 76